 Dungeon Crawl Stone Soup version 0.31.0-7-gf635a9b802 (webtiles) character file.

Game seed: 11347262380799814868

32048 stipulation the Wrestler (level 13, -14/94 HPs)
             Began as a Ghoul Monk on Jan 24, 2024.
             Was a High Priest of Wu Jian.
             Demolished by a death yak (17 damage)
             ... on level 3 of the Lair of Beasts.
             The game lasted 00:10:23 (15007 turns).

stipulation the Wrestler (Ghoul Monk)              Turns: 15007, Time: 00:10:24

Health: -14/94     AC: 26    Str: 20    XL:     13   Next: 62%
Magic:  13/13      EV:  9    Int:  9    God:    Wu Jian [*****.]
Gold:   443        SH:  0    Dex: 11    Spells: 12/12 levels left

rFire   . .          .
                       - Unarmed
rCold   + + .        c - orb {light}
rNeg    + + +        L - +7 chain mail of Reutaq {rC+}
rPois   ∞            I - +2 hat
rElec   .            B - +1 cloak
rCorr   .            (no gloves)
SInv    .            (no boots)
Will    .....        (no amulet) Stlth
                     s - +4 ring of protection
HPRegen 0.00/turn    i - +4 ring of slaying
MPRegen 0.13/turn

%: no passive effects
@: inhibited regen, glowing
A: claws 1, cold resistance 1, negative energy resistance 3, inhibited
regeneration, torment resistance 2, devour on kill
a: Renounce Religion, Wall Jump, Serpent's Lash, Heavenly Storm


You were on level 3 of the Lair of Beasts.
You worshipped Wu Jian.
Wu Jian was extremely pleased with you.
You visited 3 branches of the dungeon, and saw 15 of its levels.

You collected 1254 gold pieces.
You spent 811 gold pieces at shops.

Inventory:

Armour
 c - an orb of light (worn)
 y - a +0 chain mail
 B - a +1 cloak (worn)
 I - a +2 hat (worn)
 L - the +7 chain mail of Reutaq (worn) {rC+}
   (You bought it in a shop on level 2 of the Orcish Mines)

   rC+:       It protects you from cold.
Jewellery
 i - a +4 ring of slaying (right claw)
 s - a +4 ring of protection (left claw)
 t - an amulet of faith
 M - a ring of willpower
Wands
 j - a wand of iceblast (20)
 o - a wand of flame (64) (quivered)
Scrolls
 a - 2 scrolls of enchant weapon
 d - 2 scrolls of noise
 e - 2 scrolls of brand weapon {unknown}
 f - 2 scrolls of silence
 g - 8 scrolls of teleportation
 l - 6 scrolls of enchant armour
 r - 5 scrolls of vulnerability
 u - a scroll of revelation {unknown}
 w - a scroll of fog {unknown}
 x - 2 scrolls of immolation {unknown}
 A - a scroll of fear {unknown}
 C - 2 scrolls of poison
 F - a scroll of summoning {unknown}
 J - 2 scrolls of identify
 N - a scroll of amnesia {unknown}
Potions
 b - 2 potions of enlightenment {unknown}
 h - 2 potions of might
 k - 3 potions of lignification
 m - 6 potions of curing
 n - a potion of brilliance
 p - 3 potions of degeneration
 q - 3 potions of heal wounds
 v - a potion of mutation {unknown}
 z - a potion of magic {unknown}
 D - a potion of invisibility {unknown}
 E - a potion of ambrosia
 G - a potion of resistance {unknown}
 H - 2 potions of berserk rage {unknown}
Miscellaneous
 K - a lightning rod (4/4)


   Skills:
 - Level 3.2 Fighting
 - Level 8.0 Armour
 - Level 2.6 Dodging
 + Level 22.3 Unarmed Combat


You had 12 spell levels left.
You didn't know any spells.
Your spell library contained the following spells:

 Spells                   Type           Power      Damage    Failure   Level
 Mercury Vapours          Alch/Air       0%         N/A       98%         2
 Call Canine Familiar     Summ           0%         N/A       100%        3
 Sigil of Binding         Hex            0%         N/A       100%        3
 Dimensional Bullseye     Hex/Tloc       0%         N/A       100%        4
 Manifold Assault         Tloc           0%         N/A       100%        4
 Summon Lightning Spire   Summ/Air       0%         N/A       100%        4
 Freezing Cloud           Conj/Ice/Air   0%         6-21      100%        5
 Dispersal                Tloc           0%         N/A       100%        6
 Disjunction              Tloc           0%         N/A       100%        8
 Chain Lightning          Conj/Air       0%         N/A       100%        9


Dungeon Overview and Level Annotations

Branches:
Dungeon (10/15)            Temple (0/1) D:4            Lair (3/5) D:8
  Swamp (0/4) Lair:3       Spider (0/4) Lair:2          Orc (2/2) D:10
    Elf: Orc:2

Altars:
Ashenzari
Cheibriados
Gozag
Nemelex Xobeh
Qazlal
Sif Muna
Trog
Vehumet
Wu Jian
Xom

Shops:
D:4 *   D:8 *   Orc:2 **

Portals:
Volcano: Orc:1


Innate Abilities, Weirdness & Mutations

You are immune to poison.
You have sharp fingernails.
Your flesh is cold resistant. (rC+)
You are immune to negative energy. (rN+++)
You do not regenerate when monsters are visible.
You are immune to unholy pain and torment.
You thrive by killing the living.


Message History

You are too injured to fight recklessly!
You are too injured to fight recklessly!
You claw the death yak!
The death yak is lightly wounded.
The water moccasin bites you but does no damage.
You mangle the death yak!!
The death yak is heavily wounded.
The death yak gores you! The water moccasin barely misses you.
The death yak gores you!!
* * * LOW HITPOINT WARNING * * *
You spin and attack the water moccasin repeatedly.
You claw the water moccasin!
The water moccasin is severely wounded.
You closely miss the water moccasin.
The water moccasin is severely wounded.
You spin and attack the death yak repeatedly.
You mangle the death yak!!
The death yak is severely wounded.
You scratch the death yak but do no damage.
The death yak is severely wounded.
The water moccasin misses you.
The death yak gores you but does no damage.
You claw the water moccasin!
You kill the water moccasin!
The Council accepts your kill. The death yak gores you!
* * * LOW HITPOINT WARNING * * *
The death yak gores you!
* * * LOW HITPOINT WARNING * * *
The death yak attacks as it pursues you!
The death yak closely misses you.
You spin and attack the death yak.
You claw the death yak!
The death yak is almost dead.
You spin and attack the death yak repeatedly.
You claw the death yak!
The death yak is lightly wounded.
You claw the death yak!
The death yak is moderately wounded.
The death yak completely misses you. The death yak gores you!
You die...

###......... ####
##........... #..?
#..........#> #...
##........##. #....
#.......####.
......######......## #.#
....#.#.##........# ##.
...(.............##. ##
.......@............####
.......YY...............
...$........:...........
........................
....................#.#.
.................P##.###
?.....###.........### #.
.....# #.........# ##
.... ####........ #.


You could see 2 death yaks.

Vanquished Creatures
  Gastronok (Lair:2)
  4 hydras
  A boulder beetle (Lair:2)
  2 two-headed ogres
  4 death yaks
  A skyshark (Lair:2)
  2 orc sorcerers (Orc:1)
  3 elephants (Lair:2)
  2 black mambas (Lair:2)
  2 torpor snails
  6 cane toads
  12 komodo dragons
  3 rime drakes
  A polar bear (Lair:2)
  Grinder (D:3)
  2 hornets
  A troll (Orc:1)
  15 blink frogs
  3 culicivoras (Lair:2)
  3 wyverns
  12 yaks
  A wraith (D:10)
  A vampire (D:9)
  3 basilisks (Lair:1)
  Eustachio (D:4)
  A redback (Lair:2)
  A steam dragon (Lair:1)
  Duvessa (D:7)
  15 water moccasins
  6 orc warriors
  An ice beast (D:7)
  A sky beast (D:8)
  A black bear (Lair:3)
  5 ogres
  3 centaurs
  10 wolves
  9 bullfrogs
  5 scorpions
  A gnoll sergeant (D:10)
  4 wights (D:8)
  Dowan (D:7)
  25 killer bees
  4 electric eels (Lair:1)
  3 howler monkeys
  2 bombardier beetles
  2 gnoll boudas
  2 hounds
  4 jellies
  15 orc priests
  Ijyb (D:3)
  2 iguanas
  10 orc wizards
  A hell rat (Lair:2)
  14 gnolls
  11 adders
  5 shadow imps
  4 white imps
  4 ufetubi
  4 dart slugs
  3 ribbon worms
  36 orcs
  11 endoplasms
  A giant cockroach (D:3)
  6 hobgoblins
  5 jackals
  9 kobolds
  3 quokkas
  7 ball pythons
  12 bats
  3 frilled lizards
  10 goblins
  9 rats
380 creatures vanquished.

Notes
Turn   | Place    | Note
-------+----------+-------------------------------------------
     0 | D:1      | stipulation the Ghoul Monk began the quest for the Orb.
     0 | D:1      | Reached XP level 1. HP: 19/19 MP: 1/1
   146 | D:1      | Reached XP level 2. HP: 16/26 MP: 2/2
   150 | D:1      | Reached skill level 4 in Unarmed Combat
   480 | D:1      | Reached XP level 3. HP: 31/31 MP: 3/3
   581 | D:1      | Found a faded altar of an unknown god.
   831 | D:2      | Got the Reference Book on Cryomancy and Electricity
   847 | D:2      | Reached skill level 5 in Unarmed Combat
   988 | D:2      | Reached XP level 4. HP: 29/38 MP: 4/4
  1546 | D:3      | Reached skill level 6 in Unarmed Combat
  1792 | D:3      | Reached XP level 5. HP: 40/45 MP: 5/5
  1875 | D:3      | Noticed Ijyb
  1886 | D:3      | Killed Ijyb
  2039 | D:3      | Reached skill level 7 in Unarmed Combat
  2039 | D:3      | Reached XP level 6. HP: 35/51 MP: 6/6
  2155 | D:3      | Found an opulent altar of Gozag.
  2164 | D:3      | Found an ornate altar of the Wu Jian Council.
  2211 | D:3      | Became a worshipper of the Wu Jian Council
  2211 | D:3      | Reached * piety under Wu Jian
  2211 | D:3      | Reached ** piety under Wu Jian
  2331 | D:3      | Noticed Grinder
  2341 | D:3      | Paralysed by Grinder for 3 turns
  2348 | D:3      | Paralysed by Grinder for 4 turns
  2359 | D:3      | Killed Grinder
  2360 | D:3      | Reached skill level 8 in Unarmed Combat
  2360 | D:3      | Reached XP level 7. HP: 40/57 MP: 7/7
  2428 | D:3      | Found a shimmering altar of Xom.
  2614 | D:4      | Noticed Eustachio
  2627 | D:4      | Killed Eustachio
  2628 | D:4      | Reached skill level 9 in Unarmed Combat
  2690 | D:4      | Found Niopiuboerph's CLEARANCE SALE!.
  2724 | D:4      | Bought a scroll of teleportation for 18 gold pieces
  2794 | D:4      | Reached skill level 10 in Unarmed Combat
  2884 | D:4      | Reached XP level 8. HP: 63/63 MP: 8/8
  3113 | D:4      | Found a staircase to the Ecumenical Temple.
  3198 | D:4      | Reached *** piety under Wu Jian
  3314 | D:5      | Entered Level 5 of the Dungeon
  3333 | D:5      | Found a broken altar of Ashenzari.
  3466 | D:5      | Found a radiant altar of Vehumet.
  3648 | D:5      | Reached skill level 11 in Unarmed Combat
  3771 | D:5      | Identified the +5 quarterstaff "Xeoch" {speed, *Noise rElec
                  | rF+ rN+}
  4510 | D:6      | Found a shimmering blue altar of Sif Muna.
  4512 | D:6      | Found a snail-covered altar of Cheibriados.
  4744 | D:6      | Reached skill level 12 in Unarmed Combat
  4914 | D:6      | Found a bloodstained altar of Trog.
  5051 | D:6      | Reached XP level 9. HP: 47/70 MP: 9/9
  5779 | D:7      | Reached skill level 13 in Unarmed Combat
  6046 | D:7      | Found a flagged portal.
  6543 | D:7      | Reached **** piety under Wu Jian
  6631 | D:7      | Found a sparkling altar of Nemelex Xobeh.
  6631 | D:7      | Noticed Dowan
  6632 | D:7      | Noticed Duvessa
  6637 | D:7      | Killed Duvessa
  6645 | D:7      | Killed Dowan
  6710 | D:7      | Reached skill level 14 in Unarmed Combat
  7001 | D:8      | Noticed a two-headed ogre
  7008 | D:8      | Killed a two-headed ogre
  7009 | D:8      | Reached skill level 15 in Unarmed Combat
  7009 | D:8      | Reached XP level 10. HP: 25/77 MP: 10/10
  7434 | D:8      | Reached skill level 16 in Unarmed Combat
  7547 | D:8      | Found Zamif's Serpentskin Sales.
  7585 | D:8      | Bought a scroll of poison for 44 gold pieces
  7844 | D:8      | Found a staircase to the Lair.
  8066 | D:9      | Noticed a two-headed ogre
  8074 | D:9      | Killed a two-headed ogre
  8075 | D:9      | Reached skill level 17 in Unarmed Combat
  8137 | D:9      | Reached ***** piety under Wu Jian
  8324 | D:9      | Found a stormy altar of Qazlal.
  8763 | D:10     | Entered Level 10 of the Dungeon
  8837 | D:10     | Reached XP level 11. HP: 21/82 MP: 11/11
  8838 | D:10     | HP: 4/82 [yak (2)]
  8841 | D:10     | Reached skill level 18 in Unarmed Combat
  9252 | D:10     | Found a staircase to the Orcish Mines.
  9764 | Lair:1   | Entered Level 1 of the Lair of Beasts
  9764 | Lair:1   | Noticed a death yak
  9775 | D:8      | Killed a death yak
 10408 | D:8      | Reached skill level 1 in Armour
 10761 | D:8      | Reached skill level 19 in Unarmed Combat
 11717 | Lair:1   | Reached XP level 12. HP: 81/89 MP: 12/12
 12193 | Lair:2   | Reached skill level 5 in Armour
 12337 | Lair:2   | You fall into a shaft and drop 1 floor!
 12374 | Lair:2   | Found a hole to the Spider Nest.
 12585 | Lair:2   | Noticed Gastronok
 12599 | Lair:2   | Killed Gastronok
 12600 | Lair:2   | Reached skill level 20 in Unarmed Combat
 12697 | Lair:2   | Noticed a boulder beetle
 12699 | Lair:2   | Noticed a seven-headed hydra
 12709 | Lair:2   | Killed a seven-headed hydra
 12717 | Lair:2   | HP: 4/89 [cane toad (8)]
 12975 | Lair:2   | Noticed a skyshark
 12982 | Lair:2   | Killed a skyshark
 13197 | Lair:2   | Noticed a seven-headed hydra
 13209 | Lair:2   | Killed a seven-headed hydra
 13210 | Lair:2   | Reached XP level 13. HP: 51/94 MP: 13/13
 13492 | Lair:2   | Reached skill level 21 in Unarmed Combat
 14154 | Orc:1    | Entered Level 1 of the Orcish Mines
 14209 | Orc:2    | Entered Level 2 of the Orcish Mines
 14251 | Orc:2    | Found Miegoog's General Store.
 14252 | Orc:2    | Found Goegagh's Specific Store.
 14256 | Orc:2    | Bought the +7 chain mail of Reutaq {rC+} for 749 gold
                  | pieces
 14314 | Orc:1    | Paralysed by an orc sorcerer for 5 turns
 14547 | Orc:1    | Found a dark tunnel.
 14879 | Lair:3   | Found a staircase to the Swamp.
 14903 | Lair:3   | Reached skill level 22 in Unarmed Combat
 15005 | Lair:3   | HP: 3/94 [death yak (8)]
 15007 | Lair:3   | Demolished by a death yak

Illustrated notes

Levels and vault maps discovered:
D:1:      matt_arrival_diagonals, layout_basic, ebering_ecumenical_altar_ruins,
          serial_bayou_pond_d, st_stairs_4, minmay_split_cup_large
D:2:      minmay_chambers_of_ones, layout_basic
D:3:      layout_basic, overflow_temple_1_default, mainiacjoe_overflow_swirl,
          minmay_joined_circles, uniq_grinder, uniq_ijyb
D:4:      layout_cave_pools, minmay_temple_entry_proselytizer, serial_demonic,
          serial_demonic_g, serial_demonic_f, serial_demonic_d,
          serial_demonic_c, serial_demonic_a, serial_demonic_b,
          hangedman_abyss_or_decor_passed, corexii_leaking_fountain,
          minmay_crystal_water, st_stairs_1, minmay_tree_intersection,
          nicolae_shop_clearance, uniq_eustachio
D:5:      layout_loops_cross, vehumet_altar_wand_db, nicolae_ashenzari_skybound,
          elyvilon_altar_5, minmay_misc_feat_pillars, roderic_batcave
D:6:      layout_layer_cave, nicolae_overflow_quartered_altars
D:7:      layout_loops_corners, lemuel_round_altar, enter_bailey_2, uniq_duvessa
D:8:      layout_basic, lair_entry_dummy, guppyfry_shop_venom
D:9:      wander_river, layout_loops_ring, lemuel_crystal_altar
D:10:     layout_long_grid, mainiacjoe_overflow_boulevard, orc_0_dummy
Lair:1:   layout_loops_ring, dpeg_stationary_puzzle, infiniplex_staircase_pool,
          grunt_megastairs_1
Lair:2:   nzn_winding_woodlands_large [nzn_winding_woodlands_5x5_cross,
          nzn_winding_woodlands_5x15_default, nzn_winding_woodlands_hourglass,
          nzn_winding_woodlands_center_pierced_h,
          nzn_winding_woodlands_15x15_five_gardens,
          nzn_winding_woodlands_center_diamonds,
          nzn_winding_woodlands_5x5_perimeter, nzn_winding_woodlands_5x15_twine,
          nzn_winding_woodlands_5x5_closed_star], layout_regular_city,
          spider_nest_entry_funnel_web, serial_bayou_crossing, uniq_gastronok
Lair:3:   layout_hall_layers, minmay_swamp_entry_eels,
          chequers_serial_rivers_micro_b, chequers_serial_rivers_small_b,
          lemuel_fruit_tree
Orc:1:    layout_diamond_mine, lightli_volcano_entry_magma_tube
Orc:2:    st_orc_pillars, layout_diamond_mine, basic_altar,
          nicolae_specific_store

Skill      XL: |  1  2  3  4  5  6  7  8  9 10 11 12 13 |
---------------+----------------------------------------+-----
Unarmed Combat | 4 5 6 7 8 10 12 15 17 19 20 22 | 22.3
Armour         | 4 8 |  8.0
Fighting       | |  3.2
Dodging        | |  2.6

Action                     |  1- 3 |  4- 6 |  7- 9 | 10-12 | 13-15 || total
---------------------------+-------+-------+-------+-------+-------++-------
  Melee: Unarmed           |   101 |   114 |   289 |   475 |   177 ||  1156
 Invoke: Serpent's Lash    |       |       |       |     5 |       ||     5
Ability: Lunge             |       |     2 |    27 |    27 |     9 ||    65
         Whirlwind         |       |       |    13 |    44 |     4 ||    61
         Wall Jump         |       |       |     1 |     3 |       ||     4
  Evoke: Wand              |       |       |       |     7 |       ||     7
    Use: Potion            |       |     1 |       |       |       ||     1
         Scroll            |       |       |     8 |     6 |     1 ||    15
 Armour: Robe              |    25 |       |       |       |       ||    25
         Ring mail         |    18 |    83 |    79 |       |       ||   180
         Chain mail        |       |       |   171 |   374 |   117 ||   662
  Dodge: Dodged            |    47 |    77 |   149 |   155 |    35 ||   463
